Map: Zen LE

Players

Crag

  • Race: Terran Terran
  • League: Diamond
  • Spawn Location: 1:00

VOD

Have the link to the VOD?

Description

Time

  • Played on: May 2, 2020, 2:40 a.m.
  • Length: 6:11
Show
View Real Time Build Order
Export as new Build Order

Crag Terran 

Build Orders:  

Get SALT Encoding   

  12  0:01  SCV  
  13  0:18  SCV  
  14  0:25  Supply Depot  
  14  0:35  SCV  
  15  0:44  Refinery  
  15  0:55  SCV  
  16  1:06  Barracks  
  16  1:13  SCV  
  17  1:21  Refinery  
  17  1:30  SCV  
  18  1:47  SCV  
  19  2:05  SCV  
  20  2:15  Factory  
  20  2:17  Reaper  
  21  2:22  Orbital Command  
  21  2:31  Supply Depot  
  21  2:57  Barracks Tech Lab  
  21  2:59  SCV  
  22  3:16  SCV  
  23  3:25  Starport  
  23  3:33  SCV  
  23  3:36  Siege Tank  
  23  3:38  Marine  
  28  3:44  Supply Depot  
  28  3:52  SCV  
  29  4:03  Marine  
  30  4:15  Starport Tech Lab  
  30  4:19  Supply Depot  
  30  4:21  Siege Tank  
  30  4:28  Marine  
  34  4:43  Banshee  
  37  4:53  Marine  
  38  5:06  Siege Tank  
  41  5:18  Marine  
  41  5:19  SCV  
  43  5:26  Command Center  
  43  5:45  Marine  
Tags
 
League
Diamond
Matchup
Co-op
Add a new tag
Caveats
  • Supply blocks, unpowered buildings, or Contaminate may cause inaccurate times.
  • Supply counts are checked every 10 seconds.